 Dungeon Crawl Stone Soup version 0.20.1-1-g8b1a95d (webtiles) character file.

4977 dohliylev the Covert (level 10, -2/100 HPs)
             Began as a Vampire Enchanter on Dec 13, 2017.
             Was an Initiate of Makhleb.
             Slain by a hell hound (12 damage)
             ... on level 9 of the Dungeon.
             The game lasted 00:31:32 (7764 turns).

dohliylev the Covert (Vampire Enchanter)            Turns: 7764, Time: 00:31:33

Health: -2/100     AC:  4    Str: 17    XL:     10   Next: 29%
Magic:  3/17       EV: 21    Int: 17    God:    Makhleb [......]
Gold:   266        SH:  0    Dex: 19    Spells: 7/19 levels left

rFire    . . .     SeeInvis +   x - +9 rapier of Mapsomn {flame, +Rage}
rCold    . . .     Gourm    .   (no shield)
rNeg     + . .     Faith    .   b - +0 robe
rPois    .         Spirit   .   g - +2 hat
rElec    .         Reflect  .   (no cloak)
rCorr    .         Harm     .   (no gloves)
MR       ++...                  (no boots)
Stlth    ..........             (no amulet)
Regen    0.3/turn               m - +5 ring of strength
MPRegen  0.2/turn               y - ring of protection from magic

@: berserking (expiring), very slightly contaminated, very quick
A: fangs 3, see invisible, unbreathing
a: Bat Form, Renounce Religion, Evoke Berserk Rage


You were on level 9 of the Dungeon.
You worshipped Makhleb.
Makhleb was noncommittal.
You were not thirsty.

You visited 2 branches of the dungeon, and saw 10 of its levels.

You collected 410 gold pieces.
You spent 144 gold pieces at shops.

Inventory:

Hand Weapons
 a - a +0 dagger of venom
 w - a +1 dagger of speed
 x - the +9 rapier of Mapsomn (weapon) {flame, +Rage}
   (You found it on level 5 of the Dungeon)

   It has been specially enchanted to burn those struck by it, causing extra
   injury to most foes and up to half again as much damage against particularly
   susceptible opponents.
   It lets you go berserk.
 P - a +0 dagger of electrocution
 S - a +2 dagger of venom
Armour
 b - a +0 robe (worn)
 g - a +2 hat (worn)
Magical Staves
 G - an uncursed staff of earth {unknown}
 K - an uncursed staff of conjuration {unknown}
Jewellery
 m - a +5 ring of strength (left hand)
 y - a ring of protection from magic (right hand)
 E - an uncursed ring of ice
Wands
 f - a wand of confusion (20/48)
 H - a wand of lightning (8/15)
 J - a wand of paralysis (15/24)
 O - a wand of confusion (33/48)
 Q - a wand of disintegration (13/24)
Scrolls
 h - 5 scrolls of teleportation
 i - 4 scrolls of recharging
 j - 2 scrolls of remove curse
 s - a scroll of enchant weapon
 t - a scroll of blinking {unknown}
 v - a scroll of fear {unknown}
 A - 2 scrolls of amnesia
 B - a scroll of enchant armour {unknown}
 C - a scroll of fog {unknown}
 D - 2 scrolls of vulnerability {unknown}
 F - a scroll of random uselessness {unknown}
 N - a scroll of immolation {unknown}
 R - a scroll of identify
Potions
 d - 6 potions of blood
 e - a potion of cancellation {unknown}
 k - 3 potions of degeneration {unknown}
 l - a potion of invisibility {unknown}
 o - 6 potions of curing
 p - 2 potions of brilliance {unknown}
 q - 2 potions of lignification {unknown}
 r - a potion of haste {unknown}
 u - 3 potions of mutation {unknown}
 z - a potion of agility {unknown}
 I - 2 potions of magic {unknown}
 L - 2 potions of heal wounds
 M - 2 potions of might
Books
 c - a book of Maledictions

   Spells                             Type                      Level
   a - Corona                         Hexes                        1
   b - Ensorcelled Hibernation        Hexes/Ice                    2
   c - Confuse                        Hexes                        3
   d - Tukima's Dance                 Hexes                        3
   e - Dazzling Spray                 Conjuration/Hexes            3
 n - a book of Misfortune

   Spells                             Type                      Level
   a - Confusing Touch                Hexes                        1
   b - Confuse                        Hexes                        3
   c - Gell's Gravitas                Translocation                3
   d - Petrify                        Transmutation/Earth          4
   e - Metabolic Englaciation         Hexes/Ice                    5
   f - Yara's Violent Unravelling     Hexes/Transmutation          5


   Skills:
 - Level 2.0 Fighting
 - Level 1.1 Short Blades
 - Level 0.8 Staves
 - Level 0.8 Throwing
 - Level 0.5 Armour
 - Level 10.3 Dodging
 + Level 13.9 Stealth
 - Level 0.9 Unarmed Combat
 - Level 5.3 Spellcasting
 - Level 0.4 Conjurations
 - Level 6.0 Hexes
 - Level 3.0 Ice Magic
 - Level 1.0 Evocations


You had 7 spell levels left.
You knew the following spells:

 Your Spells              Type           Power        Failure   Level  Hunger
a - Corona                Hex            ####...      1%          1    None
b - Ensorcelled Hibernat  Hex/Ice        ###...       3%          2    #......
c - Confuse               Hex            ####....     3%          3    ##.....
d - Tukima's Dance        Hex            ####....     3%          3    ##.....
e - Dazzling Spray        Conj/Hex       ###...       11%         3    ##.....


Dungeon Overview and Level Annotations

Branches:
Dungeon (9/15)             Temple (1/1) D:5            Lair (0/6) D:9
    Orc: D:9-12

Altars:
Ashenzari
Cheibriados
Dithmenos
Elyvilon
Fedhas
Gozag
Hepliaklqana
Kikubaaqudgha
Makhleb
Nemelex Xobeh
Okawaru
Qazlal
Ru
Sif Muna
Trog
Uskayaw
Vehumet
Xom
Yredelemnul
Zin
The Shining One

Shops:
D:7 !


Innate Abilities, Weirdness & Mutations

You have razor-sharp teeth.
You have supernaturally acute eyesight. (SInv)
You can survive without breathing.


Message History

The hell hound barely misses you.
You closely miss the hell hound. The hell hound bites you!
* * * LOW HITPOINT WARNING * * *
You puncture the hell hound!
The hell hound is heavily wounded.
The hell hound bites you but does no damage.
You closely miss the hell hound.
The hell hound is heavily wounded.
The hell hound closely misses you. The hell hound completely misses you.
You closely miss the hell hound.
The hell hound is heavily wounded.
The hell hound bites you!
* * * LOW HITPOINT WARNING * * *
You barely miss the hell hound. Your bite misses the hell hound.
The hell hound is heavily wounded.
The hell hound closely misses you.
You barely miss the hell hound.
The hell hound is heavily wounded.
The hell hound bites you!
You die...

####.# #.≈≈≈.?≈≈§# #.#
#..≈≈≈≈§≈.# #.# #...≈≈§§..# #.#
#.....§...# #.#
##.#.####.###### #.#
#.............#### #.#
#...................###
####.####.######>..####.###...<
........#.......@..†.........##
#####...#.######.h.####.......#
####...#.## #...####..#.....
#....^....#####...........o.o#
##...)...........#.######.##.##
)..........#######........#
#####...##.# ##########
#...##.# #...##.#


You could see a hell hound.

Vanquished Creatures
  A two-headed ogre (D:8)
  Joseph (D:7)
  A hornet (D:8)
  Grinder (D:6)
  2 hippogriffs
  Eustachio (D:6)
  A hungry ghost (D:7)
  Edmund (D:6)
  2 soldier ants (D:8)
  A hell hound (D:9)
  2 phantoms
  An orc warrior (D:9)
  4 ogres
  A centaur (D:7)
  A bullfrog (D:6)
  2 scorpions
  6 killer bees (D:7)
  4 crimson imps
  2 bullfrog skeletons
  6 hounds
  A centaur zombie (D:6)
  6 orc priests
  4 jellies
  2 iguanas
  10 orc wizards
  8 worker ants
  A killer bee zombie (D:9)
  3 hound skeletons
  10 adders
  3 shadow imps
  An adder zombie (D:5)
  2 adder skeletons
  4 worms
  3 dart slugs
  4 leopard geckos
  23 orcs
  6 bats
  4 giant cockroaches
  6 goblins
  3 hobgoblins
  7 jackals
  6 kobolds
  2 ball pythons
  3 frilled lizards
  A leopard gecko skeleton (D:4)
  A quokka skeleton (D:7)
  A quokka zombie (D:6)
  8 rats
174 creatures vanquished.

Vanquished Creatures (others)
  2 jackals (D:3)
  2 frilled lizards (D:3)
4 creatures vanquished.

Grand Total: 178 creatures vanquished

Notes
Turn   | Place    | Note
-------+----------+-------------------------------------------
     0 | D:1      | dohliylev the Vampire Enchanter began the quest for the Orb.
     0 | D:1      | Reached XP level 1. HP: 13/13 MP: 3/3
   163 | D:1      | Reached skill level 5 in Stealth
   172 | D:1      | Reached XP level 2. HP: 14/19 MP: 0/5
   223 | D:1      | Learned a level 2 spell: Ensorcelled Hibernation
   437 | D:1      | Reached skill level 6 in Stealth
   637 | D:2      | Found a hazy altar of Hepliaklqana.
   714 | D:2      | Found a stormy altar of Qazlal.
   721 | D:2      | Reached XP level 3. HP: 24/24 MP: 3/6
   975 | D:2      | Found a deep blue altar of Sif Muna.
  1276 | D:3      | Reached skill level 1 in Ice Magic
  1321 | D:3      | Reached skill level 7 in Stealth
  1321 | D:3      | Reached XP level 4. HP: 18/31 MP: 1/7
  1517 | D:3      | Learned a level 3 spell: Confuse
  1633 | D:3      | Reached skill level 8 in Stealth
  1633 | D:3      | Reached XP level 5. HP: 36/36 MP: 5/8
  1815 | D:3      | Reached skill level 1 in Fighting
  1930 | D:3      | Found a radiant altar of Vehumet.
  2247 | D:4      | Reached skill level 5 in Hexes
  2348 | D:4      | Reached XP level 6. HP: 43/43 MP: 1/9
  2823 | D:4      | Learned a level 3 spell: Tukima's Dance
  2827 | D:4      | Learned a level 3 spell: Dazzling Spray
  2857 | D:4      | Reached XP level 7. HP: 45/48 MP: 9/12
  3313 | D:5      | Entered Level 5 of the Dungeon
  3376 | D:5      | Got a crystal rapier
  3377 | D:5      | Identified the +9 rapier of Mapsomn {flame, +Rage} (You found it on level 5 of the Dungeon)
  3497 | D:5      | Found a staircase to the Ecumenical Temple.
  3523 | D:5      | Reached skill level 5 in Spellcasting
  3707 | Temple   | Entered the Ecumenical Temple
  4254 | D:6      | Found a snail-covered altar of Cheibriados.
  4386 | D:6      | Noticed Edmund
  4392 | D:6      | Killed Edmund
  4392 | D:6      | Reached XP level 8. HP: 56/56 MP: 10/15
  4478 | D:6      | Noticed Eustachio
  4495 | D:6      | Killed Eustachio
  4495 | D:6      | Reached skill level 5 in Dodging
  4518 | D:6      | Found a white marble altar of Elyvilon.
  4788 | D:6      | Noticed Grinder
  4802 | D:6      | Killed Grinder
  4802 | D:6      | Reached skill level 1 in Evocations
  5353 | D:7      | Noticed Joseph
  5365 | D:7      | Killed Joseph
  5365 | D:7      | Reached XP level 9. HP: 15/61 MP: 7/16
  5627 | D:7      | Found Coxenise's Distillery.
  5636 | D:7      | Bought a potion of heal wounds for 60 gold pieces
  5636 | D:7      | Bought a potion of might for 48 gold pieces
  5636 | D:7      | Bought a potion of curing for 36 gold pieces
  6379 | D:7      | Reached skill level 10 in Dodging
  6724 | D:7      | Reached skill level 9 in Stealth
  7023 | D:8      | Reached skill level 10 in Stealth
  7031 | D:8      | Found a blossoming altar of Fedhas.
  7159 | D:8      | Found an iron altar of Okawaru.
  7221 | D:8      | Reached skill level 11 in Stealth
  7246 | D:8      | Found a glowing silver altar of Zin.
  7246 | D:8      | Noticed an angel
  7250 | D:8      | Found a shimmering altar of Xom.
  7302 | D:8      | Found a bloodstained altar of Trog.
  7304 | D:8      | Noticed a two-headed ogre
  7310 | D:8      | Killed a two-headed ogre
  7310 | D:8      | Reached skill level 12 in Stealth
  7310 | D:8      | Reached XP level 10. HP: 67/67 MP: 12/17
  7314 | D:8      | Found a burning altar of Makhleb.
  7318 | D:8      | Found a sparkling altar of Nemelex Xobeh.
  7325 | D:8      | Became a worshipper of Makhleb the Destroyer
  7401 | D:8      | Reached skill level 13 in Stealth
  7720 | D:9      | Found a staircase to the Lair.
  7764 | D:9      | Slain by a hell hound

Skill      XL: |  1  2  3  4  5  6  7  8  9 10 |
---------------+-------------------------------+-----
Stealth        | 5 6 7 8 12 13 | 13.9
Ice Magic      | 1 2 3 |  3.0
Fighting       | 1 2 |  2.0
Hexes          | 5 6 |  6.0
Spellcasting   | 3 5 |  5.3
Dodging        | 4 8 10 | 10.3
Evocations     | 1 |  1.0
Short Blades   | |  1.1
Staves         | |  0.8
Throwing       | |  0.8
Armour         | |  0.5
Unarmed Combat | |  0.9
Conjurations   | |  0.4

Action                   |  1- 3 |  4- 6 |  7- 9 | 10-12 || total
-------------------------+-------+-------+-------+-------++-------
Melee: Dagger            |   112 |   109 |    15 |       ||   236
       Bite              |     3 |     5 |     7 |     1 ||    16
       Rapier            |       |       |   141 |    25 ||   166
       Punch             |       |       |     2 |       ||     2
 Cast: Corona            |     5 |     2 |     5 |       ||    12
       Ensorcelled Hiber |    14 |    36 |    40 |    18 ||   108
       Confuse           |       |       |    10 |     1 ||    11
 Abil: End Transformatio |       |       |     5 |       ||     5
       Bat Form          |       |       |     5 |       ||     5
       Evoke Berserk Rag |       |       |       |     1 ||     1
  Use: Potion            |       |       |     7 |       ||     7
       Scroll            |       |       |     7 |       ||     7
 Stab: Sleeping          |    17 |    29 |    48 |    15 ||   109
       Confused          |       |       |     1 |       ||     1
  Eat: Corpse            |     8 |     4 |     6 |     5 ||    23
Armor: Robe              |    18 |    20 |    17 |     2 ||    57
Dodge: Dodged            |    66 |    67 |   104 |    33 ||   270
